 Dungeon Crawl Stone Soup version 0.19.1 (webtiles) character file.

556573 hullu the Warrior (level 24, -22/180 HPs)
             Began as a Demonspawn Fighter on Nov 26, 2016.
             Was the Champion of Hepliaklqana.
             Killed from afar by a blizzard demon (31 damage)
             ... with a bolt of cold
             ... in the Vestibule of Hell on Nov 27, 2016.
             The game lasted 07:54:09 (59174 turns).

hullu the Warrior (Demonspawn Fighter)             Turns: 59174, Time: 07:54:09

Health: -22/180    AC: 47    Str: 23    XL:     24   Next: 63%
Magic:  0/32       EV: 25    Int: 14    God:    Hepliaklqana [******]
Gold:   969        SH: 23    Dex: 23    Spells: 2 memorised, 33 levels left

rFire  + + .     SeeInvis +     a - +9 broad axe (freeze)
rCold  . . .     Gourm    .     f - +8 orange crystal plate armour {Archmagi, Int+3 Clar}
rNeg   + . .     Faith    .     j - +2 shield {AC+3}
rPois  +         Spirit   +     (helmet unavailable)
rElec  .         Reflect  +     c - +2 cloak {MR+}
rCorr  .         Harm     .     m - +2 pair of gloves {Str+3}
MR     +....     Clarity  +     M - +2 pair of boots {Fly}
Stlth  ..........               d - +6 amulet of reflection
                                r - ring "Unel" {rPois rN+ Slay+1 Stlth-}
                                y - ring of protection from fire

@: agile, vulnerable, flying, very slightly contaminated, repel missiles
A: reduced essence, antennae 3, claws 1, repulsion field 3, deterioration 1,
dopey 1, fire resistance 1, foul stench 2, poison resistance, magic shield,
magic regeneration, magic link, rot immunity, flame cloud immunity, MP-powered
wands
a: Recall Ancestor, Ancestor Identity, Transference, Idealise, Renounce
Religion, Stop Flying
}: 4/15 runes: barnacled, slimy, abyssal, gossamer


You were in the Vestibule of Hell.
You worshipped Hepliaklqana.
Hepliaklqana was exalted by your worship.
You were near starving.

You visited 10 branches of the dungeon, and saw 45 of its levels.
You visited the Abyss 1 time.
You visited 1 bazaar.
You also visited: Bailey, Volcano and Wizlab.

You collected 5992 gold pieces.
You spent 5023 gold pieces at shops.

Inventory:

Hand Weapons
 a - a +9 broad axe of freezing (weapon)
 A - the +6 scimitar of Flaming Death {sticky flame, rPois rF++ rC- MR+}
   (You found it on level 4 of the Shoals)

   It has been specially enchanted to burn those struck by it, causing extra
   injury to most foes and up to half again as much damage against particularly
   susceptible opponents.
   Big, fiery blades are also staple armaments of hydra-hunters.
   It greatly protects you from fire.
   It makes you vulnerable to cold.
   It protects you from poison.
   It affects your resistance to hostile enchantments.
Armour
 c - a +2 cloak of magic resistance (worn)
 f - the +8 orange crystal plate armour (worn) {Archmagi, Int+3 Clar}
   (You found it on level 3 of the Depths)

   It affects your intelligence (+3).
   It protects you against confusion.
 i - the +6 scale mail of Loyhol {-Cast rN++ Str+3}
   (You found it on level 5 of the Pits of Slime)

   It affects your strength (+3).
   It greatly protects you from negative energy.
   It prevents spellcasting.
 j - a +2 shield of protection (worn)
 m - a +2 pair of gloves of strength (worn)
 M - a +2 pair of boots of flying (worn)
Rods
 b - a +6 rod of shadows (7/12)
   (You took it off a deep elf demonologist on level 3 of the Elven Halls)
Jewellery
 d - a +6 amulet of reflection (around neck)
 k - an uncursed ring of protection from cold
 r - the ring "Unel" (right hand) {rPois rN+ Slay+1 Stlth-}
   (You bought it in a shop on level 2 of the Orcish Mines)

   [ring of slaying]

   It affects your accuracy and damage with ranged weapons and melee attacks
   (+1).
   It protects you from poison.
   It protects you from negative energy.
   It makes you less stealthy.
 y - a ring of protection from fire (left hand)
 z - an uncursed ring of protection from magic
 B - an uncursed ring of protection from fire
 T - an uncursed ring of resist corrosion
Wands
 s - a wand of digging (11/24)
 w - a wand of flame (21/48)
 x - a wand of paralysis (13/24)
 D - a wand of heal wounds (1/9)
 J - a wand of lightning (2/15)
 N - a wand of iceblast (6/15)
 P - a wand of acid (4/15)
 R - a wand of teleportation (4/9)
 S - a wand of teleportation (3/9)
Scrolls
 e - 11 scrolls of remove curse
 g - 5 scrolls of fear
 h - 6 scrolls of magic mapping
 l - 20 scrolls of identify
 t - 3 scrolls of fog
 v - 11 scrolls of teleportation
 Q - 2 scrolls of enchant weapon
Potions
 o - 2 potions of invisibility
 E - 2 potions of brilliance
 F - 2 potions of heal wounds
 U - 3 potions of berserk rage
 W - 6 potions of curing
 Z - 3 potions of ambrosia
Miscellaneous
 G - a lamp of fire (inert)
Comestibles
 C - 5 meat rations
 O - 2 bread rations


   Skills:
 + Level 18.9 Fighting
   Level 1.0 Short Blades
 - Level 18.0 Axes
 + Level 17.6 Armour
 + Level 17.4 Dodging
 - Level 4.4 Stealth
 - Level 15.0 Shields
 - Level 6.5 Spellcasting
 - Level 6.1 Charms
 - Level 7.0 Summonings
 - Level 7.0 Invocations
 - Level 12.0 Evocations


You had 33 spell levels left.
You knew the following spells:

 Your Spells              Type           Power        Failure   Level  Hunger
a - Summon Small Mammal   Summ           ####         21%         1    None
b - Swiftness             Chrm/Air       ###.....     98%         2    #......


Dungeon Overview and Level Annotations

Branches:
Dungeon (15/15)            Temple (1/1) D:6            Lair (6/6) D:8
 Shoals (4/4) Lair:4       Spider (4/4) Lair:2        Slime (5/5) Lair:5
    Orc (2/2) D:11            Elf (3/3) Orc:2        Vaults (0/5) D:13
 Depths (4/5) D:15           Hell (1/1)
    Dis: Hell:1         Geh: Hell:1         Coc: Hell:1         Tar: Hell:1

Altars:
Ashenzari
Cheibriados
Dithmenos
Elyvilon
Fedhas
Gozag
Hepliaklqana
Kikubaaqudgha
Makhleb
Nemelex Xobeh
Okawaru
Qazlal
Ru
Sif Muna
Trog
Uskayaw
Vehumet
Xom
Yredelemnul
Zin
The Shining One
Beogh

Shops:
D:6 %?   Orc:2 =}![?   Elf:1 (   Depths:3 !   Depths:4 !

Portals:
Hell: Depths:1 Depths:2 Depths:3 Depths:4
Abyss: Depths:4
Pandemonium: Depths:2 Depths:3


Innate Abilities, Weirdness & Mutations

You have a pair of large antennae on your head. (SInv)
You are surrounded by a strong repulsion field. (EV +4, RMsl)
Your flesh is heat resistant. (rF+)
You frequently emit foul miasma when damaged in melee.
When hurt, damage is shared between your health and your magic reserves.
You regenerate magic rapidly.
When low on magic, you restore magic in place of health.
You are immune to rotting.
You are immune to clouds of flame.
Your life essence is reduced. (-10% HP)
You have sharp fingernails.
Your body sometimes deteriorates upon taking damage.
You are dopey. (Int -2)
Your system is resistant to poisons. (rPois)
You expend magic power (3 MP) to strengthen your wands.


Message History

The emperor scorpion simulacrum disappears in a puff of smoke!
The alligator skeleton disappears in a puff of smoke!
The flying skull disappears in a puff of smoke!
The iron dragon skeleton disappears in a puff of smoke!
The titan zombie disappears in a puff of smoke!
You slash the skeletal warrior! You freeze the skeletal warrior.
You slash the skeletal warrior! You freeze the skeletal warrior.
You slice the hell hog!! You freeze the hell hog!
You block the hell hog's attack.
The orange demon stings you but does no damage.
The skeletal warrior hits you with a morningstar!
* * * LOW HITPOINT WARNING * * *
You block the reaper's attack.
The skeletal warrior completely misses you.
The blizzard demon gestures at you.
The bolt of cold hits the skeletal warrior.
The skeletal warrior resists.
The skeletal warrior is destroyed!
The bolt of cold hits you!
You die...

......................
......................
.........)............
.......#...#...#......
≈.......∩..))z........
≈≈.......#.#§#§.......
≈≈≈........##§z3.†....
.§.....#)#zz#2h#2.....
≈≈≈.......{#4.@)2.....
≈≈......§#.#2§3z......
≈..........†...3......
.......#...#..........
......................
.....................
.....................
.§...................
....................


You could see a reaper, a green death, an ancient champion, 2 blizzard demons, 4
skeletal warriors, 2 soul eaters, a hell hog, a sun demon and an orange demon.

Vanquished Creatures
  the Royal Jelly (Slime:5)
  A juggernaut (Depths:3)
  Sojobo (Depths:1)
  Bai Suzhen (Spider:4)
  5 caustic shrikes
  2 golden dragons (Depths:2)
  Jory (Depths:4)
  Geryon (Hell)
  Arachne (Spider:2)
  Jorgrun (Depths:4)
  A hellephant (Abyss:5)
  8 liches
  2 tentacled monstrosities
  3 deep elf blademasters
  2 deep elf master archers (Elf:3)
  2 krakens
  4 titans (Depths:4)
  Murray (Hell)
  13 acid blobs
  Frances (Spider:1)
  5 sphinxes
  A tentacled starspawn (Abyss:5)
  12 azure jellies (Slime:5)
  2 tengu reavers (Depths:1)
  Ilsuiw (Shoals:4)
  2 storm dragons (Depths:4)
  A shadow dragon (Depths:3)
  A revenant (Abyss:3)
  3 fire giants
  3 ghost moths
  12 frost giants
  Aizul (Spider:2)
  2 draconian shifters (Abyss:5)
  8 deep elf sorcerers (Elf:3)
  8 emperor scorpions
  A cacodemon (Depths:3)
  2 balrugs
  Louise (Shoals:1)
  6 deep elf elementalists (Elf:3)
  A juggernaut zombie (WizLab)
  2 draconian annihilators
  A spriggan defender (Depths:3)
  20 very ugly things
  4 entropy weavers
  2 vampire knights
  A reaper (Hell)
  The ghost of dricus the Severer, a journeyman HOFi of the Shining One (Lair:5)
  14 stone giants
  6 deep elf demonologists
  8 deep elf annihilators
  5 dire elephants (Abyss:5)
  A lorocyproca (Hell)
  7 spark wasps
  7 statues (Depths:3)
  2 merfolk javelineers
  7 deep elf death magi (Elf:3)
  A green death (Abyss:5)
  2 jiangshi (Depths:2)
  3 death oozes (Slime:5)
  10 fire dragons
  6 merfolk impalers
  3 mummy priests (WizLab)
  7 deep elf high priests
  8 ettins
  Erolcha (Orc:1)
  5 ogre magi
  3 yaktaur captains
  Fannar (D:10)
  4 vault guards (D:13)
  6 ice dragons
  2 great orbs of eyes
  5 merfolk avatars
  4 rakshasas
  12 hydras
  A catoblepas (Lair:6)
  A caustic shrike simulacrum (Depths:4)
  4 spriggan air magi
  A hell beast (Elf:3)
  Erica (D:10)
  6 merfolk aquamancers
  6 centaur warriors
  5 satyrs
  An alligator snapping turtle (Shoals:4)
  30 dancing weapons
  18 death yaks
  5 deep troll shamans
  4 deep troll earth magi
  3 tengu warriors
  15 thrashing horrors
  4 vampire magi
  An orc high priest (Elf:1)
  A titan zombie (Depths:4)
  5 hell knights (Depths:4)
  6 spriggan berserkers
  5 hell hogs
  20 deep elf knights
  7 small abominations
  2 sun demons
  A soul eater (Hell)
  The ghost of smzp the Zephyrmancer, a novice TeAE of Sif Muna (D:10)
  4 wretched stars
  2 shadow wraiths
  A sixfirhy (Abyss:5)
  3 spatial maelstroms (Abyss:5)
  6 skeletal warriors (Hell)
  5 iron trolls
  8 sea snakes
  An unseen horror (D:11)
  8 deep trolls
  A shadow demon (Abyss:5)
  A flayed ghost (Abyss:5)
  2 hill giants (D:14)
  An orc knight (Bailey)
  17 deep elf archers
  A glowing orange brain (Depths:2)
  3 phantasmal warriors
  3 necromancers
  15 harpies
  A shadow dragon zombie (WizLab)
  An obsidian statue (Shoals:4)
  A wolf spider zombie (D:14)
  77 deep elf magi
  21 manticores
  26 ugly things
  7 orc sorcerers (Orc:2)
  A frost giant zombie (Depths:2)
  3 shining eyes
  22 wolf spiders
  5 fauns
  16 orb spiders
  A stone giant zombie (WizLab)
  2 moths of wrath
  An oklob plant (Shoals:2)
  3 worldbinders (Abyss:5)
  4 cyclopes
  10 elephants
  An ice statue (D:13)
  A toenail golem (Volcano)
  5 black mambas
  13 sirens
  An orange demon (Abyss:5)
  A molten gargoyle (Volcano)
  13 spiny frogs
  7 centaur skeletons
  5 spectral swamp worms (Depths:2)
  A gargoyle (D:13)
  8 water nymphs
  5 smoke demons
  2 rime drakes
  2 torpor snails
  4 komodo dragons
  11 yaktaurs
  3 hellwings
  2 efreet (Volcano)
  14 demonic crawlers
  A tormentor (Abyss:5)
  2 tengu conjurers
  A merfolk (shapeshifter) (Depths:3)
  2 freezing wraiths
  2 guardian mummies (WizLab)
  21 merfolk
  4 trolls
  A red devil (Hell)
  4 ancient zymes
  4 polar bears (Lair:2)
  A troll (shapeshifter) (Depths:3)
  25 jumping spiders
  3 meliai (Spider:3)
  5 two-headed ogres
  5 wind drakes
  Grinder (D:5)
  5 hornets
  12 blink frogs
  7 dream sheep
  An iron dragon simulacrum (Depths:4)
  7 raiju
  4 snapping turtles
  An elf zombie (Depths:4)
  A meliai zombie (D:13)
  An ice dragon zombie (WizLab)
  8 hippogriffs
  56 slime creatures
  3 air elementals
  59 redbacks
  A shadow (D:14)
  A wraith (Abyss:3)
  2 spriggans (Depths:4)
  18 starcursed masses
  4 ynoxinuls
  A yak (shapeshifter) (Elf:3)
  2 vampires
  18 water elementals
  A human (D:13)
  7 large abominations
  35 tarantellas
  4 wyverns
  7 fire elementals
  29 yaks
  A golden eye (Slime:5)
  6 hogs (D:12)
  2 chaos spawn
  2 neqoxecs
  Edmund (D:5)
  A vampire mosquito (Lair:1)
  A hungry ghost (D:14)
  2 steam dragons (D:11)
  A spriggan simulacrum (Depths:2)
  3 spatial vortices (Abyss:5)
  4 insubstantial wisps (Lair:1)
  A torturous demonspawn zombie (WizLab)
  A soldier ant (shapeshifter) (Depths:3)
  4 wargs
  7 water moccasins
  5 hell hounds (Elf:3)
  The ghost of TheSquall the Covert, an amateur SpAs (D:4)
  11 porcupines
  A swamp drake (Lair:1)
  2 phantoms
  16 orc warriors
  5 ice beasts
  A sky beast (D:6)
  A black bear (Lair:6)
  A human zombie (WizLab)
  19 ogres
  3 eyes of draining
  A necrophage (D:13)
  10 wolves
  24 centaurs
  14 crocodiles
  2 big kobolds
  14 bullfrogs
  8 earth elementals
  A gnoll sergeant (Orc:1)
  5 scorpions
  A water moccasin skeleton (D:5)
  12 wights
  9 killer bees
  2 electric eels
  2 spriggan skeletons
  4 hexers
  6 howler monkeys
  7 crimson imps
  A bullfrog zombie (D:13)
  3 centaur zombies
  5 jellies
  7 hounds
  16 orc priests
  A bullfrog skeleton (D:6)
  27 orc wizards
  4 iguanas
  5 hell rats (Hell)
  6 worker ants
  A hound skeleton (D:10)
  A howler monkey zombie (D:10)
  12 adders
  8 gnolls
  4 shadow imps
  A white imp (Abyss:3)
  An ufetubus (Abyss:3)
  4 oozes
  An adder zombie (D:8)
  An adder skeleton (D:7)
  4 worms
  2 dart slugs (D:1)
  7 leopard geckos
  57 orcs
  3 giant cockroaches
  9 goblins
  8 hobgoblins
  6 jackals (D:3)
  4 quokkas
  A ball python (D:4)
  6 bats
  7 frilled lizards
  25 kobolds
  A leopard gecko skeleton (D:7)
  10 rats
  A butterfly (Lair:6)
  6 fire vortices
  A fungus (Lair:3)
  2 lurking horrors
  4 plants
  6 tentacles
1714 creatures vanquished.

Vanquished Creatures (collateral kills)
  Frederick (Depths:3)
  2 caustic shrikes (Depths:4)
  A lich (Depths:3)
  4 acid blobs (Slime:5)
  A titan (Depths:4)
  Kirke (D:12)
  3 azure jellies
  An iron dragon (Depths:2)
  A draconian shifter (Abyss:3)
  A ghost moth (Spider:4)
  A deep elf sorcerer (Elf:3)
  An emperor scorpion (Spider:1)
  3 frost giants
  A cacodemon (Hell)
  A stone giant (Depths:3)
  4 very ugly things
  A deep elf annihilator (Depths:3)
  3 ettins
  A blizzard demon (Hell)
  A deep elf death mage (Elf:3)
  A death ooze (Slime:5)
  3 merfolk impalers
  A deep elf high priest (Elf:3)
  A yaktaur captain (Depths:3)
  3 great orbs of eyes
  A catoblepas (Lair:3)
  2 ice dragons (Depths:4)
  2 spriggan air magi (Depths:3)
  A vault guard (D:13)
  2 hydras (Lair:6)
  A merfolk aquamancer (Shoals:4)
  A merfolk avatar (Shoals:1)
  2 centaur warriors
  A death knight (D:13)
  2 deep troll shamans (Depths:1)
  An ogre mage (Orc:2)
  4 thrashing horrors
  3 dancing weapons
  A tengu warrior (Depths:1)
  A hell hog (Hell)
  2 death yaks
  2 deep elf knights
  A hell knight (Depths:4)
  A sun demon (Depths:1)
  4 skeletal warriors (Hell)
  A spatial maelstrom (Abyss:5)
  An iron troll (Depths:4)
  2 deep trolls
  An unseen horror (D:11)
  A spark wasp zombie (Depths:4)
  2 sea snakes
  3 deep elf archers
  3 orc knights (Orc:1)
  2 wizards
  6 harpies
  4 shining eyes
  A hill giant (D:12)
  3 orb spiders
  10 deep elf magi
  An orc sorcerer (D:13)
  5 ugly things
  2 fauns (Shoals:1)
  5 manticores
  4 wolf spiders
  A siren (Lair:4)
  3 elephants (Lair:6)
  A centaur zombie (D:12)
  A black mamba (Lair:6)
  A smoke demon (Abyss:5)
  An apocalypse crab (Abyss:3)
  A molten gargoyle (Volcano)
  A gargoyle (D:13)
  A spriggan zombie (Depths:2)
  A torpor snail (Lair:6)
  3 spiny frogs
  An eye of devastation (Slime:5)
  A demonic crawler (Spider:1)
  An ancient zyme (Abyss:3)
  3 komodo dragons
  A tengu conjurer (D:13)
  A polar bear (Lair:2)
  5 jumping spiders
  9 merfolk
  A wind drake (Shoals:4)
  A hornet (D:13)
  4 two-headed ogres
  3 blink frogs (Lair:1)
  2 hippogriffs
  3 snapping turtles
  2 dream sheep
  12 slime creatures
  15 redbacks
  4 tarantellas
  7 yaks
  A steam dragon (Lair:3)
  A basilisk (Lair:2)
  A wyvern (Lair:5)
  A neqoxec (Abyss:5)
  A golden eye (Slime:5)
  A hog (D:12)
  A hungry ghost (D:11)
  3 wargs
  6 water moccasins
  3 porcupines
  2 sky beasts
  5 orc warriors
  An eye of draining (Slime:5)
  2 ogres
  A phantom (D:11)
  A centaur (Depths:1)
  11 wolves
  4 crocodiles
  8 bullfrogs
  A water moccasin zombie (D:7)
  A wyvern skeleton (D:9)
  A scorpion (D:10)
  3 killer bees
  3 wights
  An electric eel (Lair:5)
  A crimson imp (D:8)
  2 orc priests (D:12)
  2 hounds (D:8)
  6 orc wizards
  An iguana (D:7)
  2 worker ants
  A hound skeleton (D:7)
  A howler monkey zombie (D:10)
  A gnoll (Bailey)
  A howler monkey skeleton (D:10)
  A shadow imp (D:10)
  An adder skeleton (D:9)
  12 orcs
  5 goblins
  A hobgoblin (Bailey)
  2 kobolds
  A butterfly (Lair:4)
  4 plants
  A tentacle (Shoals:4)
335 creatures vanquished.

Vanquished Creatures (others)
  A deep elf master archer (Elf:3)
  2 merfolk javelineers (Shoals:4)
  A deep elf high priest (Elf:3)
  An ogre mage (D:15)
  A centaur warrior (Depths:2)
  A deep elf knight (Elf:1)
  A skeletal warrior (Hell)
  2 deep elf archers
  A deep elf mage (Elf:1)
  A faun (Shoals:3)
  An orange demon (Abyss:3)
  2 yaktaurs (Depths:3)
  A demonic crawler (Spider:1)
  A slime creature (Slime:3)
  A water elemental (Elf:2)
  4 centaurs
  A killer bee (D:11)
  66 hexers
  2 orc wizards (Orc:2)
  2 ancestors
  3 orcs
  8 kobolds (Bailey)
  2 bushes
  4 fire vortices
  6 fungi
  14 plants
  7 tentacles
137 creatures vanquished.

Grand Total: 2186 creatures vanquished

Notes
Turn   | Place    | Note
-------+----------+-------------------------------------------
     0 | D:1      | hullu the Demonspawn Fighter began the quest for the Orb.
     0 | D:1      | Reached XP level 1. HP: 18/18 MP: 1/1
    84 | D:1      | Gained mutation: You are surrounded by a mild repulsion field. (EV +2) [demonic ancestry]
    84 | D:1      | Reached XP level 2. HP: 18/24 MP: 2/2
   514 | D:1      | Gained mutation: You are immune to rotting. [demonic ancestry]
   514 | D:1      | Reached XP level 3. HP: 29/29 MP: 3/3
   844 | D:2      | Found a burning altar of Makhleb.
   902 | D:2      | Found a sparkling altar of Nemelex Xobeh.
  1096 | D:2      | Gained mutation: When hurt, damage is shared between your health and your magic reserves. [demonic ancestry]
  1096 | D:2      | Reached XP level 4. HP: 29/35 MP: 4/4
  2304 | D:3      | Found a shadowy altar of Dithmenos.
  2479 | D:5      | Entered Level 5 of the Dungeon
  2489 | D:5      | Reached skill level 5 in Axes
  2489 | D:5      | Gained mutation: You are surrounded by a moderate repulsion field. (EV +3) [demonic ancestry]
  2489 | D:5      | Reached XP level 5. HP: 33/41 MP: 5/5
  2651 | D:4      | Noticed TheSquall's ghost (amateur SpAs)
  2652 | D:4      | Noticed an ogre
  2698 | D:4      | Killed TheSquall's ghost
  2698 | D:4      | Gained mutation: You regenerate magic rapidly. [demonic ancestry]
  2698 | D:4      | Reached XP level 6. HP: 26/47 MP: 3/6
  3021 | D:4      | Identified the Papyrus of the Frostbite and Weightlessness
  3643 | D:5      | Reached XP level 7. HP: 52/52 MP: 7/7
  3940 | D:5      | Noticed Grinder
  3947 | D:5      | Paralysed by Grinder for 6 turns
  3973 | D:5      | Killed Grinder
  4064 | D:5      | Gained mutation: You are surrounded by a strong repulsion field. (EV +4, RMsl) [demonic ancestry]
  4064 | D:5      | Reached XP level 8. HP: 30/58 MP: 4/8
  4225 | D:5      | Noticed Edmund
  4247 | D:5      | Killed Edmund
  4506 | D:7      | Found a snail-covered altar of Cheibriados.
  4661 | D:6      | Found a sacrificial altar of Ru.
  4775 | D:6      | Reached skill level 10 in Axes
  4816 | D:6      | Found a hide-covered altar of Uskayaw.
  4826 | D:6      | Found Lofuntot's Food Shop.
  4839 | D:6      | Found a staircase to the Ecumenical Temple.
  4860 | Temple   | Entered the Ecumenical Temple
  5094 | Temple   | Became a worshipper of Hepliaklqana the Forgotten
  5526 | D:6      | Reached skill level 1 in Dodging
  5588 | D:6      | Found Puyriah's Magic Scroll Boutique.
  5591 | D:6      | Bought a scroll of remove curse for 45 gold pieces
  5873 | D:7      | Reached XP level 9. HP: 58/58 MP: 9/9
  6053 | D:7      | Found a blossoming altar of Fedhas.
  6213 | D:8      | Found a flagged portal.
  6245 | Bailey   | Entered a bailey
  6271 | Bailey   | Noticed an orc knight
  6271 | Bailey   | Killed an orc knight
  6271 | Bailey   | Reached skill level 5 in Fighting
  6310 | Bailey   | Gained mutation: You may emit foul miasma when damaged in melee. [demonic ancestry]
  6310 | Bailey   | Reached XP level 10. HP: 20/66 MP: 4/10
  6856 | D:7      | Reached * piety under Hepliaklqana
  7356 | D:9      | Reached skill level 5 in Armour
  7407 | D:8      | Found a staircase to the Lair.
  7545 | D:8      | Reached skill level 5 in Shields
  7831 | D:10     | Entered Level 10 of the Dungeon
  7975 | D:9      | Found a glowing silver altar of Zin.
  8232 | D:9      | Found a faded altar of an unknown god.
  8232 | D:9      | Found a faded altar of an unknown god.
  8255 | D:9      | Found a glowing golden altar of the Shining One.
  8261 | D:9      | Found a faded altar of an unknown god.
  8262 | D:9      | Found a faded altar of an unknown god.
  8358 | D:10     | Noticed smzp's ghost (novice TeAE)
  8388 | D:10     | Killed smzp's ghost
  8388 | D:10     | Reached skill level 5 in Dodging
  8596 | D:10     | Noticed Erica
  8628 | D:10     | Killed Erica
  8852 | D:10     | Noticed Fannar
  8884 | D:10     | Killed Fannar
  8884 | D:10     | Reached XP level 11. HP: 57/74 MP: 4/11
  9026 | D:10     | Reached ** piety under Hepliaklqana
  9027 | D:10     | Remembered your ancestor Tibe as a hexer
  9374 | D:11     | Found a staircase to the Orcish Mines.
  9643 | D:11     | Killed an unseen horror
  9670 | D:11     | Killed an unseen horror
  9773 | D:11     | Noticed a brown ugly thing
  9795 | D:11     | Killed a brown ugly thing
  9939 | D:11     | Got a translucent helmet
 10003 | D:11     | Identified the +0 helmet "Geradi" {+Inv +Fly Int-5 SInv} (You found it on level 11 of the Dungeon)
 10777 | D:12     | Got a crystal dagger
 10780 | D:12     | Identified the cursed +0 dagger of Gounyt {elec, rElec Int-4 Dex+4} (You found it on level 12 of the Dungeon)
 10820 | D:12     | Gained mutation: You have a pair of small antennae on your head. [demonic ancestry]
 10820 | D:12     | Reached XP level 12. HP: 83/83 MP: 12/12
 11047 | D:12     | Noticed Kirke
 12621 | D:13     | Noticed a vault guard
 12727 | D:13     | Noticed a vault guard
 12858 | D:13     | Noticed a tengu warrior
 12892 | D:13     | Killed a tengu warrior
 13005 | D:13     | Reached *** piety under Hepliaklqana
 13436 | D:13     | Noticed a vault guard
 13467 | D:13     | Killed a vault guard
 13491 | D:13     | Killed a vault guard
 13527 | D:13     | Killed a vault guard
 13678 | D:13     | Found a gate to the Vaults.
 13678 | D:13     | Noticed a vault guard
 13678 | D:13     | Noticed a vault guard
 13710 | D:13     | Killed a vault guard
 13715 | D:13     | Killed a vault guard
 13798 | D:14     | Noticed a seven-headed hydra
 13810 | D:14     | Killed a seven-headed hydra
 13810 | D:14     | Gained mutation: You have a pair of antennae on your head. [demonic ancestry]
 13810 | D:14     | Reached XP level 13. HP: 61/90 MP: 11/13
 14665 | D:15     | Entered Level 15 of the Dungeon
 15361 | D:12     | Reached **** piety under Hepliaklqana
 15400 | D:12     | Killed Kirke
 15400 | D:12     | Reached skill level 1 in Invocations
 15543 | Lair:1   | Entered Level 1 of the Lair of Beasts
 15888 | Lair:1   | Reached skill level 10 in Fighting
 15895 | Lair:1   | Gained mutation: Your mind is acute. (Int +2) [potion of mutation]
 15895 | Lair:1   | Gained mutation: You are agile. (Dex +2) [potion of mutation]
 15895 | Lair:1   | Gained mutation: You have a pair of large antennae on your head. (SInv) [potion of mutation]
 16988 | Lair:2   | Found a hole to the Spider Nest.
 17259 | Lair:2   | Reached ***** piety under Hepliaklqana
 18012 | Lair:2   | Gained mutation: Your flesh is heat resistant. (rF+) [demonic ancestry]
 18012 | Lair:2   | Reached XP level 14. HP: 76/99 MP: 10/16
 19481 | Lair:3   | Reached skill level 1 in Evocations
 19957 | Lair:4   | Reached skill level 5 in Invocations
 20054 | Lair:4   | Found a staircase to the Shoals.
 20376 | Lair:5   | Got a heavily runed leather armour
 20377 | Lair:5   | Identified the cursed +0 leather armour of Zoqal {rElec MR+ Str+4 Int-3} (You found it on level 5 of the Lair of Beasts)
 20471 | Lair:5   | Found a staircase to the Slime Pits.
 20655 | Lair:5   | Found a dark tunnel.
 20663 | Volcano  | Entered a volcano
 21461 | Lair:5   | Noticed dricus's ghost (journeyman HOFi)
 21584 | Lair:5   | Killed dricus's ghost
 22408 | Lair:6   | Entered Level 6 of the Lair of Beasts
 22484 | Lair:6   | Reached skill level 10 in Armour
 22657 | Lair:6   | Reached skill level 10 in Shields
 23813 | Lair:6   | Reached XP level 15. HP: 105/105 MP: 20/20
 23938 | Lair:6   | Reached skill level 10 in Dodging
 24758 | Lair:6   | Got a steaming quarterstaff
 24759 | Lair:6   | Identified the cursed +1 quarterstaff of the Orb {flame, -Tele rPois rN+} (You found it on level 6 of the Lair of Beasts)
 25732 | Spider:1 | Entered Level 1 of the Spider Nest
 26107 | Spider:1 | Reached skill level 5 in Evocations
 26588 | Spider:1 | Noticed Frances
 26779 | Spider:1 | Noticed a ghost moth
 26801 | Spider:1 | Killed a ghost moth
 26964 | Spider:1 | Killed Frances
 27275 | Orc:1    | Entered Level 1 of the Orcish Mines
 27417 | Orc:1    | Found a roughly hewn altar of Beogh.
 27581 | Orc:2    | Entered Level 2 of the Orcish Mines
 27946 | Orc:2    | Found a radiant altar of Vehumet.
 27946 | Orc:2    | Noticed Erolcha
 27962 | Orc:1    | Killed Erolcha
 28018 | Orc:2    | Found Gawocs's Jewellery Emporium.
 28026 | Orc:2    | Bought the ring "Unel" {rPois rN+ Slay+1 Stlth-} for 360 gold pieces
 28043 | Orc:2    | Found a staircase to the Elven Halls.
 28509 | Orc:2    | Found Yskoet's Gadget Emporium.
 28554 | Orc:2    | Found a radiant altar of Vehumet.
 28639 | Orc:2    | Found a roughly hewn altar of Beogh.
 28639 | Orc:2    | Found Mozaf's Distillery.
 28690 | Orc:2    | Found Keoczuf's Magic Scroll Emporium.
 28736 | Orc:2    | Bought a scroll of identify for 30 gold pieces
 28736 | Orc:2    | Bought a scroll of identify for 30 gold pieces
 28736 | Orc:2    | Bought a scroll of identify for 30 gold pieces
 28736 | Orc:2    | Bought a scroll of identify for 30 gold pieces
 28736 | Orc:2    | Bought 3 scrolls of identify for 90 gold pieces
 28736 | Orc:2    | Bought a scroll of acquirement for 780 gold pieces
 28736 | Orc:2    | Bought a scroll of acquirement for 780 gold pieces
 28768 | Orc:2    | Found an ancient bone altar of Kikubaaqudgha.
 28806 | Orc:2    | Found Usmechag's Antique Armour Shoppe.
 28813 | Orc:2    | Bought a pair of embroidered gloves for 367 gold pieces
 29061 | Elf:1    | Entered Level 1 of the Elven Halls
 29125 | Elf:1    | Reached XP level 16. HP: 105/114 MP: 21/21
 29142 | Elf:1    | Reached skill level 1 in Short Blades
 29283 | Elf:1    | Found Debem's Antique Weapon Shoppe.
 29544 | Elf:1    | Reached ****** piety under Hepliaklqana
 30155 | Elf:1    | Noticed a Brimstone Fiend
 30534 | Elf:1    | Got a smoking flail {freeze}
 30554 | Elf:1    | Identified the +6 flail "Aniulig" {freeze, *Rage Int+10 SInv} (You took it off a deep elf demonologist on level 1 of the Elven Halls)
 30585 | Elf:1    | Got an ichor-stained scale mail
 30589 | Elf:1    | Identified the cursed +1 scale mail "Uryshely" {rC+} (You found it on level 1 of the Elven Halls)
 31561 | Elf:2    | Mutation became permanent: You have a pair of large antennae on your head. (SInv) [demonic ancestry]
 31561 | Elf:2    | Reached XP level 17. HP: 90/121 MP: 23/23
 31621 | Elf:2    | Found a runed gate.
 31621 | Elf:2    | Found a runed gate.
 31621 | Elf:2    | Found a runed gate.
 32222 | Elf:2    | Noticed a deep elf blademaster
 32240 | Elf:2    | Killed a deep elf blademaster
 32951 | Elf:3    | Entered Level 3 of the Elven Halls
 33113 | Elf:3    | Found a magical portal.
 33122 | WizLab   | Entered Doroklohe's Tomb
 33485 | WizLab   | Noticed a greater mummy
 34909 | Elf:3    | Reached skill level 15 in Axes
 35348 | Elf:3    | Noticed a deep elf master archer
 35357 | Elf:3    | Gained mutation: You regenerate slowly when monsters are visible. [a neqoxec]
 35821 | Elf:3    | Killed a deep elf master archer
 35835 | Elf:3    | Reached XP level 18. HP: 99/129 MP: 22/25
 36233 | Elf:3    | Reached skill level 10 in Evocations
 36865 | Elf:3    | Identified a +6 rod of shadows (3/12) (You took it off a deep elf demonologist on level 3 of the Elven Halls)
 37273 | Elf:3    | Got bloodstained storm dragon scales
 37275 | Elf:3    | Identified the cursed +0 storm dragon scales of Babriczi {rElec Str+3 Stlth+} (You took it off a deep elf high priest on level 3 of the Elven Halls)
 37350 | Elf:3    | Got a crude scale mail
 37351 | Elf:3    | Identified the +3 scale mail of Rudaucre {rN+ Dex+4 Stlth+} (You found it on level 3 of the Elven Halls)
 37369 | Elf:3    | Identified the Catalogue of Freezing Evil
 37662 | Elf:3    | Identified the Incunabulum of Creative Battle Magic
 38583 | Spider:2 | Noticed Arachne
 38603 | Spider:2 | Killed Arachne
 38753 | Spider:2 | Reached XP level 19. HP: 81/137 MP: 27/27
 38895 | Spider:2 | Noticed Aizul
 38907 | Spider:2 | Killed Aizul
 39286 | Spider:3 | Gained mutation: You are very agile. (Dex +4) [potion of beneficial mutation]
 39591 | Spider:3 | Reached skill level 1 in Stealth
 39756 | Spider:4 | Entered Level 4 of the Spider Nest
 40090 | Spider:4 | Noticed Bai Suzhen
 40125 | Spider:4 | Killed Bai Suzhen
 40849 | Spider:4 | Got a gossamer rune of Zot
 41556 | Shoals:1 | Entered Level 1 of the Shoals
 41614 | Shoals:1 | Noticed Louise
 41634 | Shoals:1 | Killed Louise
 41667 | Shoals:1 | Lost mutation: You are very agile. (Dex +4) [potion of cure mutation]
 41667 | Shoals:1 | Lost mutation: Your mind is acute. (Int +2) [potion of cure mutation]
 41667 | Shoals:1 | Lost mutation: You regenerate slowly when monsters are visible. [potion of cure mutation]
 41667 | Shoals:1 | Lost mutation: You are agile. (Dex +2) [potion of cure mutation]
 42367 | Shoals:2 | Found a glowing silver altar of Zin.
 42390 | Shoals:2 | Reached skill level 15 in Fighting
 42948 | Shoals:3 | Reached XP level 20. HP: 128/145 MP: 26/28
 43042 | Shoals:3 | Learned a level 1 spell: Summon Small Mammal
 43149 | Shoals:3 | Reached skill level 1 in Spellcasting
 43294 | Shoals:3 | Reached skill level 1 in Summonings
 43635 | Shoals:4 | Entered Level 4 of the Shoals
 43673 | Shoals:4 | Identified Waphiac's Disquisition on Enhancements
 43683 | Shoals:4 | Learned a level 2 spell: Swiftness
 43822 | Shoals:4 | Reached skill level 1 in Charms
 43852 | Shoals:4 | Got a barnacled rune of Zot
 44040 | Shoals:4 | Found a gateway to a bazaar.
 44052 | Bazaar   | Entered a bazaar
 44052 | Bazaar   | Found Yllex's Antique Armour Shop.
 44059 | Bazaar   | Bought a runed cloak for 189 gold pieces
 44059 | Bazaar   | Bought a pair of glowing boots for 189 gold pieces
 44064 | Bazaar   | Found Giogot's Antique Weapon Shop.
 44084 | Bazaar   | Found Jaugoru's Distillery.
 44092 | Bazaar   | Bought a potion of heal wounds for 55 gold pieces
 44092 | Bazaar   | Bought a potion of curing for 33 gold pieces
 44092 | Bazaar   | Bought a potion of curing for 33 gold pieces
 44092 | Bazaar   | Bought a potion of curing for 33 gold pieces
 44092 | Bazaar   | Bought a potion of agility for 44 gold pieces
 44117 | Bazaar   | Bought an ichor-stained leather armour for 126 gold pieces
 44117 | Bazaar   | Bought a distressingly furry scale mail for 162 gold pieces
 44130 | Bazaar   | Bought a pitted eveningstar for 700 gold pieces
 44135 | Bazaar   | Identified the +7 eveningstar of Might {speed, Str+4 Dex-2} (You bought it in a shop in a bazaar)
 44189 | Bazaar   | Identified the +1 scale mail of Ladders and Snakes {+Blink} (You bought it in a shop in a bazaar)
 44194 | Bazaar   | Identified the cursed +1 leather armour of the Vacuum {rC+} (You bought it in a shop in a bazaar)
 44317 | Shoals:4 | Noticed Ilsuiw
 44643 | Shoals:4 | Killed Ilsuiw
 46054 | Slime:1  | Entered Level 1 of the Pits of Slime
 46059 | Slime:1  | Gained mutation: You expend magic power (3 MP) to strengthen your wands. [a shining eye]
 46065 | Slime:1  | Gained mutation: You have sharp fingernails. [a shining eye]
 46299 | Slime:3  | Gained mutation: Your body sometimes deteriorates upon taking damage. [a shining eye]
 46583 | Slime:1  | Gained mutation: Your muscles are strong. (Str +2) [a shining eye]
 46585 | Slime:1  | Gained mutation: Your body often deteriorates upon taking damage. [a shining eye]
 46869 | Slime:5  | Entered Level 5 of the Pits of Slime
 47196 | Slime:5  | Gained mutation: When low on magic, you restore magic in place of health. [demonic ancestry]
 47196 | Slime:5  | Reached XP level 21. HP: 144/152 MP: 30/30
 47263 | Slime:5  | Noticed the Royal Jelly
 47279 | Slime:5  | Killed the Royal Jelly
 48069 | Slime:5  | Gained mutation: You tend to lose your temper in combat. [a shining eye]
 48091 | Slime:5  | Got a steaming scale mail
 48092 | Slime:5  | Identified the +6 scale mail of Loyhol {-Cast rN++ Str+3} (You found it on level 5 of the Pits of Slime)
 48144 | Slime:5  | Got a shimmering ivory amulet
 48145 | Slime:5  | Identified the amulet of Poijewn {Reflect rPois SH+3 Stlth+} (You found it on level 5 of the Pits of Slime)
 48166 | Slime:5  | Got a slimy rune of Zot
 48183 | Slime:5  | Got a pitted broad axe
 48184 | Slime:5  | Identified the cursed +1 broad axe of Kismet {drain, rC+} (You found it on level 5 of the Pits of Slime)
 48262 | Slime:5  | Identified the Handbook of Icy Transmutation
 48737 | Orc:2    | Bought a jewelled chain mail for 332 gold pieces
 48737 | Orc:2    | Identified the +5 chain mail of Pathos {Dex+2} (You bought it in a shop on level 2 of the Orcish Mines)
 49038 | Temple   | Lost mutation: You tend to lose your temper in combat. [potion of cure mutation]
 49038 | Temple   | Lost mutation: You expend magic power (3 MP) to strengthen your wands. [potion of cure mutation]
 49038 | Temple   | Lost mutation: Your muscles are strong. (Str +2) [potion of cure mutation]
 49038 | Temple   | Lost mutation: Your body often deteriorates upon taking damage. [potion of cure mutation]
 49312 | D:15     | Found a staircase to the Depths.
 49319 | D:15     | Reached skill level 5 in Spellcasting
 49337 | Depths:1 | Entered Level 1 of the Depths
 49345 | Depths:1 | Reached skill level 5 in Summonings
 49675 | Depths:1 | Found a gateway to Hell.
 49681 | Depths:1 | Got an encrusted longbow
 49690 | Depths:1 | Identified the +3 longbow of Analysis {speed, Str+5} (You found it on level 1 of the Depths)
 49825 | Depths:1 | Noticed Sojobo
 49845 | Depths:1 | Killed Sojobo
 50890 | Depths:2 | Found a one-way gate leading to the halls of Pandemonium.
 51038 | Depths:2 | Reached skill level 5 in Charms
 51521 | Depths:2 | Got a scintillating lapis lazuli ring
 51522 | Depths:2 | Identified the ring "Qonog" {+Fly rPois MR- Str+2 Dex+3} (You found it on level 2 of the Depths)
 51571 | Depths:2 | Gained mutation: You frequently emit foul miasma when damaged in melee. [demonic ancestry]
 51571 | Depths:2 | Reached XP level 22. HP: 143/160 MP: 31/31
 51901 | Depths:2 | Noticed a golden dragon
 51914 | Depths:2 | Killed a golden dragon
 52184 | Depths:2 | Noticed a golden dragon
 52197 | Depths:2 | Killed a golden dragon
 52199 | Depths:2 | Noticed a caustic shrike
 52213 | Depths:2 | Killed a caustic shrike
 52213 | Depths:2 | Reached skill level 15 in Armour
 52301 | Depths:2 | Got a polished quarterstaff
 52303 | Depths:2 | Got a polished battleaxe
 52304 | Depths:2 | Identified the cursed +1 quarterstaff "Q" {flame, Int+2} (You found it on level 2 of the Depths)
 52306 | Depths:2 | Identified the +2 battleaxe of the Rattle-Snake {freeze, -Tele rC+ Dex+4} (You found it on level 2 of the Depths)
 52789 | Depths:3 | Reached skill level 15 in Shields
 52861 | Depths:3 | Found a radiant altar of Vehumet.
 52861 | Depths:3 | Noticed Frederick
 52880 | Depths:3 | Killed Frederick
 52880 | Depths:3 | Reached skill level 15 in Dodging
 53408 | Depths:3 | Found Qeleidul's Distillery.
 53442 | Depths:3 | Bought a potion of might for 76 gold pieces
 53442 | Depths:3 | Bought a potion of curing for 57 gold pieces
 53442 | Depths:3 | Bought a potion of curing for 57 gold pieces
 53442 | Depths:3 | Bought a potion of heal wounds for 95 gold pieces
 53759 | Depths:3 | Noticed a juggernaut
 53813 | Depths:3 | Killed a juggernaut
 54091 | Depths:3 | Noticed a caustic shrike
 54111 | Depths:3 | Killed a caustic shrike
 54323 | Depths:4 | Paralysed by a vampire knight for 4 turns
 54342 | Depths:4 | Reached XP level 23. HP: 113/167 MP: 32/32
 54648 | Depths:4 | Noticed Jory
 54667 | Depths:4 | Noticed Jorgrun
 54698 | Depths:4 | Killed Jorgrun
 54712 | Depths:4 | Killed Jory
 55494 | Depths:4 | Noticed a caustic shrike
 55494 | Depths:4 | Noticed a caustic shrike
 55494 | Depths:4 | Noticed a caustic shrike
 55496 | Depths:4 | Noticed a caustic shrike
 55498 | Depths:4 | Noticed a caustic shrike
 55508 | Depths:4 | Killed a caustic shrike
 55526 | Depths:4 | Killed a caustic shrike
 55542 | Depths:4 | Killed a caustic shrike
 55562 | Depths:4 | Killed a caustic shrike
 55577 | Depths:4 | Killed a caustic shrike
 56174 | Depths:4 | Found a one-way gate to the infinite horrors of the Abyss.
 56208 | Depths:4 | Found Xamen's Distillery.
 56216 | Depths:4 | Bought a potion of berserk rage for 75 gold pieces
 56216 | Depths:4 | Bought a potion of might for 60 gold pieces
 56216 | Depths:4 | Bought 2 potions of curing for 90 gold pieces
 56216 | Depths:4 | Bought a potion of heal wounds for 75 gold pieces
 56919 | Depths:4 | Got an iridescent short sword {holy}
 56920 | Depths:4 | Identified the +9 short sword "Joijas" {holy, rF++ rC- MR+ Int+2} (You took it off a necromancer on level 4 of the Depths)
 57458 | Depths:4 | Voluntarily entered the Abyss.
 57460 | Abyss:1  | Found a corrupted altar of Lugonu.
 57639 | Abyss:2  | Found a corrupted altar of Lugonu.
 57802 | Abyss:3  | Gained mutation: You are immune to clouds of flame. [demonic ancestry]
 57802 | Abyss:3  | Reached XP level 24. HP: 111/177 MP: 30/32
 58303 | Abyss:5  | Entered Level 5 of the Abyss
 58350 | Abyss:5  | Paralysed by accursed screaming for 1 turns
 58379 | Abyss:5  | Found a huge runed gate.
 58381 | Abyss:5  | Found a huge runed gate.
 58385 | Abyss:5  | Found a huge runed gate.
 58385 | Abyss:5  | Found a huge runed gate.
 58391 | Abyss:5  | Found a huge runed gate.
 58392 | Abyss:5  | Found a huge runed gate.
 58484 | Abyss:5  | Found a huge runed gate.
 58486 | Abyss:5  | Found a huge runed gate.
 58487 | Abyss:5  | Found a huge runed gate.
 58488 | Abyss:5  | Found a large runed door.
 58488 | Abyss:5  | Found a large runed door.
 58616 | Abyss:5  | Found a large runed door.
 58701 | Abyss:5  | Found a large runed door.
 58701 | Abyss:5  | Found a large runed door.
 58705 | Abyss:5  | Found a large runed door.
 58732 | Abyss:5  | Found a corrupted altar of Lugonu.
 58757 | Abyss:5  | Got an abyssal rune of Zot
 58778 | Depths:4 | Escaped the Abyss
 59048 | Hell     | Entered the Vestibule of Hell
 59048 | Hell     | Noticed Geryon
 59053 | Hell     | Noticed Murray
 59065 | Hell     | HP: 1/180 [frost giant simulacrum[Murray] (18)]
 59105 | Hell     | Gained mutation: Your system is resistant to poisons. (rPois) [a cacodemon]
 59110 | Hell     | Gained mutation: You are dopey. (Int -2) [a cacodemon]
 59129 | Hell     | Gained mutation: You expend magic power (3 MP) to strengthen your wands. [a cacodemon]
 59141 | Hell     | Killed Geryon
 59174 | Hell     | Killed Murray
 59174 | Hell     | HP: 9/180 [skeletal warrior/morningstar[a skeletal warrior] (5)]
 59174 | Hell     | Killed from afar by a blizzard demon

Skill      XL: |  1  2  3  4  5  6  7  8  9 10 11 12 13 14 15 16 17 18 19 20 21 22 23 24 |
---------------+-------------------------------------------------------------------------+-----
Axes           | 2 3 4 5 6 7 8 10 11 12 13 14 15 16 17 18 | 18.0
Shields        | 3 4 6 7 8 9 10 11 12 13 14 15 | 15.0
Armour         | 3 4 6 7 8 9 10 11 12 13 14 15 16 17 | 17.6
Dodging        | 1 3 5 6 8 9 11 12 13 14 15 16 17 | 17.4
Fighting       | 5 6 8 9 10 11 12 13 14 15 16 18 | 18.9
Invocations    | 3 6 7 |  7.0
Evocations     | 3 6 8 9 10 11 12 | 12.0
Short Blades   | 1 |  1.0
Stealth        | 4 |  4.4
Spellcasting   | 4 6 |  6.5
Summonings     | 4 6 7 |  7.0
Charms         | 3 5 6 |  6.1

Action                   |  1- 3 |  4- 6 |  7- 9 | 10-12 | 13-15 | 16-18 | 19-21 | 22-24 || total
-------------------------+-------+-------+-------+-------+-------+-------+-------+-------++-------
Melee: War axe           |   117 |   186 |   270 |       |       |       |       |       ||   573
       Hand axe          |       |       |    62 |  1022 |  2295 |       |       |       ||  3379
       Dagger            |       |       |       |     9 |    64 |    41 |       |       ||   114
       Broad axe         |       |       |       |       |    22 |  1134 |  1546 |  1395 ||  4097
Throw: Tomahawk          |       |       |       |     7 |       |       |       |       ||     7
 Cast: Summon Small Mamm |       |       |       |       |       |       |     2 |       ||     2
Invok: Ancestor Identity |       |       |     1 |       |       |       |       |       ||     1
       Recall Ancestor   |       |       |       |     3 |     5 |     3 |     2 |    10 ||    23
       Ancestor Life: He |       |       |       |     1 |       |       |       |       ||     1
       Idealise          |       |       |       |       |     4 |       |       |     2 ||     6
       Transference      |       |       |       |       |       |       |       |     2 ||     2
Evoke: Wand              |       |       |     1 |    12 |    10 |    16 |    18 |    10 ||    67
       Sack of spiders   |       |       |       |     1 |       |       |    11 |     5 ||    17
       Lamp of fire      |       |       |       |       |     1 |     1 |     6 |     5 ||    13
       Fan of gales      |       |       |       |       |     1 |       |       |       ||     1
       Rod               |       |       |       |       |       |     1 |    12 |     6 ||    19
       Box of beasts     |       |       |       |       |       |       |     2 |     3 ||     5
       Phantom mirror    |       |       |       |       |       |       |       |     2 ||     2
  Use: Potion            |       |     5 |     8 |     9 |     6 |    12 |     7 |    24 ||    71
       Scroll            |       |     9 |     4 |    16 |    21 |    14 |    18 |     7 ||    89
 Stab: Invisible         |       |       |     2 |       |       |       |       |       ||     2
       Confused          |       |       |       |    14 |    22 |     2 |    94 |    56 ||   188
       Distracted        |       |       |       |    10 |    33 |    24 |    25 |    24 ||   116
       Paralysed         |       |       |       |       |    42 |    21 |    88 |    46 ||   197
       Sleeping          |       |       |       |       |       |       |     1 |       ||     1
       Held in net/web   |       |       |       |       |       |       |       |     4 ||     4
       Petrifying        |       |       |       |       |       |       |       |     1 ||     1
  Eat: Chunk             |     1 |     8 |     9 |    23 |    40 |    24 |    12 |    21 ||   138
       Pizza             |       |       |       |     1 |     1 |       |     2 |     1 ||     5
       Fruit             |       |       |       |     1 |    10 |    11 |     2 |     3 ||    27
       Beef jerky        |       |       |       |     1 |       |     1 |     4 |     1 ||     7
       Royal jelly       |       |       |       |       |       |     1 |     1 |       ||     2
       Meat ration       |       |       |       |       |       |       |     3 |       ||     3
       Bread ration      |       |       |       |       |       |       |     1 |       ||     1
Armor: Scale mail        |    44 |    55 |    15 |   198 |    56 |   225 |   274 |    35 ||   902
       Ring mail         |       |       |    53 |     3 |   191 |       |       |       ||   247
       Crystal plate arm |       |       |       |       |       |       |       |   377 ||   377
Dodge: Dodged            |    44 |    52 |   119 |   329 |   674 |   626 |   838 |   521 ||  3203
       Deflected         |       |       |     5 |    13 |    13 |    35 |    47 |    26 ||   139
Block: Shield            |    72 |    78 |   210 |   680 |  1435 |  1002 |  1493 |  1143 ||  6113
       Reflection        |       |       |    13 |    57 |     9 |   110 |   127 |    39 ||   355
